[Event "*** SCC Grand Prix: Titled Tuesday Blitz"]
[Site "Chess.com"]
[Date "2020.10.06"]
[Round "10"]
[White "andrzej"]
[Black "beto-betun"]
[Result "0-1"]
[WhiteElo "2278"]
[BlackElo "2169"]
[TimeControl "180+1"]
[EndTime "11:57:02 PDT"]
[Termination "beto-betun won by resignation"]

1. e4 c5 2. Nf3 d6 3. d4 cxd4 4. Nxd4 Nf6 5. Nc3 a6 6. Be3 e5 7. Nb3 Be7 8. f3 Be6 9. Nd5 Nxd5 10. exd5 Bf5 11. Bd3 Bg6 12. c4 Nd7 13. O-O Rc8 14. Rc1 Bxd3 15. Qxd3 O-O 16. Rfd1 f5 17. c5 f4 18.
cxd6 Bxd6 19. Bf2 Qe7 20. Kh1 Nf6 21. Nd2 Rxc1 22. Rxc1 Qd7 23. Ne4 Nxe4 24. Qxe4 Rc8 25. Re1 Qc7 26. g3 Qc2 27. Re2 Qxe4 28. fxe4 f3 29. Rd2 Rc1+ 30. Bg1 Bc5 31. h4 Rxg1+ 32. Kh2 f2 0-1

[Event "*** SCC Grand Prix: Titled Tuesday Blitz"]
[Site "Chess.com"]
[Date "2020.10.06"]
[Round "10"]
[White "KiranManisha"]
[Black "Unkreativ3"]
[Result "1-0"]
[WhiteElo "2398"]
[BlackElo "2518"]
[TimeControl "180+1"]
[EndTime "11:57:04 PDT"]
[Termination "KiranManisha won by checkmate"]

1. e4 c5 2. Nf3 Nc6 3. d4 cxd4 4.
Nxd4 g6 5. Nc3 Bg7 6. Nb3 Nf6 7. Be2 a5 8. a4 d6 9. O-O Be6 10. Re1 Nd7 11. Nd5 O-O 12. c3 Nc5 13. Nxc5 dxc5 14. Bg5 h6 15. Bh4 Re8 16. Bb5 Bd7 17. Bg3 Rc8 18.
Bf4 e6 19. Ne3 Qf6 20. Bg3 Bf8 21. Qxd7 Red8 22. Qxb7 Ne5 23. Bxe5 Qxe5 24. Nc4 Qf4 25. e5 Qh4 26. Qe4 Qg5 27. Qe3 Qf5 28. Qf3 Qc2 29. Rad1 Rb8 30. h3 Qb3 31. Nd6 Bxd6 32. Rxd6 Qxb2 33. Red1 Rxd6 34. exd6 Rd8 35. Qf6 Rf8 36. d7 Qc2 37. d8=Q Kh7 38. Qxf8 Qxd1+ 39. Bf1 Qd4 40. Q8h8# 1-0

[Event "*** SCC Grand Prix: Titled Tuesday Blitz"]
[Site "Chess.com"]
[Date "2020.10.06"]
[Round "10"]
[White "Kira170"]
[Black "davidkalashian"]
[Result "1-0"]
[WhiteElo "2777"]
[BlackElo "2586"]
[TimeControl "180+1"]
[EndTime "11:57:08 PDT"]
[Termination "Kira170 won by resignation"]

1. d4 Nf6 2. Nc3 d5 3. Bf4 c6 4. e3 Bf5 5. f3 h5 6. Bd3 e6 7. Nge2 Bd6 8. Qd2 Bxf4 9. Nxf4 Qd6 10. e4 dxe4 11. fxe4 e5 12. dxe5 Qxe5 13. O-O-O Be6 14. Bc4 Bd7 15. Nd3 Qe7 16. e5 Ng4 17. h3 Nh6 18. e6 Bxe6 19. Bxe6 fxe6 20. Ne5 Qc7 21. Ng6 Rg8 22. Ne4 Nf7 23. Rhf1 Na6 24. Rxf7 Kxf7 25. Rg1 Rgd8 26. Qg5 Nb4 27. Rf1+ Ke8 28. Rf8+ Kd7 29.
Rf7+ Kc8 30. Rxc7+ Kxc7 31. Qe5+ Kc8 32. Ne7+ Kd7 33.
Qd6+ Ke8 34. Qxb4 b6 1-0

[Event "*** SCC Grand Prix: Titled Tuesday Blitz"]
[Site "Chess.com"]
[Date "2020.10.06"]
[Round "10"]
[White "Zemerovv"]
[Black "diablanni"]
[Result "1-0"]
[WhiteElo "2279"]
[BlackElo "2351"]
[TimeControl "180+1"]
[EndTime "11:57:08 PDT"]
[Termination "Zemerovv won on time"]

1. c4 e5 2. Nc3 Nc6 3. g3 f5 4. Bg2 Nf6 5. d3 Bb4 6. Bd2 O-O 7. Nd5 Bxd2+ 8. Qxd2 d6 9. e3 Bd7 10. Ne2 Rc8 11.
Nec3 a6 12. O-O Qe8 13. f4 Ng4 14. h3 Nf6 15. Nxf6+ Rxf6 16. Nd5 Rg6 17. Kh2 Nd8 18. b4 Nf7 19. a4 Be6 20. b5 axb5 21. axb5 Qd8 22.
Ra7 c6 23. bxc6 bxc6 24. Ne7+ Kh8 25. Nxg6+ hxg6 26. Qa5 Qf6 27. Ra8 Rxa8 28. Qxa8+ Kh7 29. Qxc6 g5 30. c5 exf4 31. exf4 Qd4 32. cxd6 Nxd6 33.
fxg5 Qxd3 34. Rf4 Qd2 35. Rh4+ Kg6 36. Qb6 Bb3 37. Rd4 1-0

[Event "*** SCC Grand Prix: Titled Tuesday Blitz"]
[Site "Chess.com"]
[Date "2020.10.06"]
[Round "10"]
[White "Butterfly"]
[Black "Obito24"]
[Result "1-0"]
[WhiteElo "2429"]
[BlackElo "2547"]
[TimeControl "180+1"]
[EndTime "11:57:09 PDT"]
[Termination "Butterfly won by checkmate"]

1. d4 Nf6 2. Nf3 e6 3. e3 b6 4. Bd3 Bb7 5. O-O Be7 6. c4 O-O 7. Nc3 d5 8. b3 c5 9. Bb2 Nbd7 10.
Rc1 Rc8 11. Rc2 Qc7 12. Qa1 Qb8 13. Rd1 h6 14. cxd5 exd5 15. Bf5 Rcd8 16. dxc5 Nxc5 17. Rcd2 Rfe8 18. Nb5 a6 19. Be5 Qa8 20. Nc7 Qa7 21. Nxe8 Rxe8 22. Qd4 Qa8 23. h3 Nce4 24. Bxe4 dxe4 25.
Nh4 Qc8 26. g4 Qe6 27. Bxf6 Bxf6 28. Qd7 Bxh4 29. Qxb7 Qf6 30. Qd5 Qf3 31. Qf5 Qxh3 32. Rd7 Bf6 33. Rc7 h5 34. Rc8 Kf8 35. Rxe8+ Kxe8 36.
Qc8+ Ke7 37. Qd8+ Ke6 38. Qd6# 1-0

[Event "*** SCC Grand Prix: Titled Tuesday Blitz"]
[Site "Chess.com"]
[Date "2020.10.06"]
[Round "10"]
[White "guillembaches"]
[Black "valeriocarnicelli"]
[Result "0-1"]
[WhiteElo "2417"]
[BlackElo "2548"]
[TimeControl "180+1"]
[EndTime "11:57:10 PDT"]
[Termination "valeriocarnicelli won by resignation"]

1. e4 c5 2. Nf3 Nc6 3. d4 cxd4 4. Nxd4 Nf6 5. Nc3 e6 6. Ndb5 d6 7. Bf4 e5 8. Bg5 a6 9. Na3 b5 10. Nd5 Be7 11. Bxf6 Bxf6 12. c4 b4 13. Nc2 a5 14.
Be2 O-O 15. O-O g6 16. Bg4 Be6 17. h3 Bxd5 18. Qxd5 Qb6 19. Qxd6 Be7 20. Qd3 Rad8 21. Qe2 Bc5 22. Rad1 Nd4 23. Nxd4 Bxd4 24. g3 Rd6 25. Kg2 Rf6 26. Rd3 Qc5 27. Rf3 Rxf3 28. Bxf3 a4 29. b3 Ra8 30. h4 Ra6 31. h5 Qa7 32. hxg6 hxg6 33. c5 axb3 34. axb3 Ra2 35. Qb5 Qxc5 36. Be2 Qxb5 37. Bxb5 Rb2 38. Bc4 Kg7 39. g4 f6 40. Kg3 Rc2 41. f3 Be3 42. Rh1 Bf4+ 43. Kh3 Rf2 44. Bd5 g5 45. Be6 Kf8 46. Bd5 Ke7 47.
Bc4 Kd6 48. Bd5 Kc5 49. Bf7 Kd4 50. Be6 Ke3 0-1

[Event "*** SCC Grand Prix: Titled Tuesday Blitz"]
[Site "Chess.com"]
[Date "2020.10.06"]
[Round "10"]
[White "Quiet_Desperation"]
[Black "novocane"]
[Result "0-1"]
[WhiteElo "1939"]
[BlackElo "2276"]
[TimeControl "180+1"]
[EndTime "11:57:11 PDT"]
[Termination "novocane won by resignation"]

1. d4 Nf6 2. c4 e6 3. Nc3 Bb4 4. Qc2 d5 5. a3 Bxc3+ 6. bxc3 Nbd7 7. Nf3 c5 8. e3 b6 9. Bd3 Ba6 10. cxd5 Bxd3 11. Qxd3 exd5 12. O-O O-O 13. c4 cxd4 14.
Nxd4 dxc4 15. Qxc4 Nc5 16. Bb2 Rc8 17. Rad1 Nce4 18.
Qb3 Qc7 19. f3 Nc5 20. Qc2 Ne6 21. Qf2 Nxd4 22. Bxd4 Qc6 23. Qg3 Qe6 24. Rc1 h6 25.
a4 Kh7 26. h4 Rfd8 27. Qf4 Nd5 28. Qg3 Nf6 29. Rfd1 Rxc1 30. Rxc1 Rxd4 31. exd4 Qe3+ 32. Kh2 Qxc1 0-1

[Event "*** SCC Grand Prix: Titled Tuesday Blitz"]
[Site "Chess.com"]
[Date "2020.10.06"]
[Round "10"]
[White "Piotrek1979"]
[Black "tsvet2005"]
[Result "0-1"]
[WhiteElo "2496"]
[BlackElo "2689"]
[TimeControl "180+1"]
[EndTime "11:57:13 PDT"]
[Termination "tsvet2005 won by checkmate"]

1. Nf3 d5 2. g3 c6 3. Bg2 Bg4 4. O-O Nd7 5. d4 e6 6. c4 Be7 7. Nbd2 Ngf6 8. Qb3 Qb6 9. c5 Qa6 10. Re1 b6 11. cxb6 axb6 12. Ne5 Nxe5 13. dxe5 Nd7 14. e4 O-O 15. exd5 exd5 16. Qc2 Rac8 17. Nf3 Bh5 18.
Bf4 Bg6 19. Qd2 Nc5 20. Nd4 Ne4 21. Qe2 Qa8 22. a3 c5 23. Nb5 Rfe8 24. f3 Ng5 25. Bxg5 Bxg5 26. Nd6 Qa4 27. f4 Be7 28. Nxc8 Rxc8 29.
Bxd5 Qd4+ 30. Qf2 Qxd5 31. f5 Bh5 32. f6 Bf8 33. Qf5 Qd4+ 34. Kg2 Bg4 35. Qf2 Qd5+ 36.
Kg1 c4 37. Re3 Bc5 38. Rae1 Bh3 39. fxg7 Re8 40. e6 Rxe6 41. Qf4 Qg2# 0-1

[Event "*** SCC Grand Prix: Titled Tuesday Blitz"]
[Site "Chess.com"]
[Date "2020.10.06"]
[Round "10"]
[White "TrimitziosP7"]
[Black "tornikesanikidze"]
[Result "1-0"]
[WhiteElo "2821"]
[BlackElo "2665"]
[TimeControl "180+1"]
[EndTime "11:57:14 PDT"]
[Termination "TrimitziosP7 won by resignation"]

1. e4 e5 2. Bc4 Nf6 3. d4 exd4 4. Nf3 Nc6 5. O-O Nxe4 6. Re1 d5 7. Bxd5 Qxd5 8. Nc3 Qa5 9. Nxe4 Be6 10. Neg5 O-O-O 11. Nxe6 fxe6 12. Rxe6 h6 13. Bd2 Qh5 14. Qe2 Bd6 15.
Re1 d3 16. Qe4 dxc2 17. Qxc2 Rhf8 18. R6e4 Rxf3 19. gxf3 Nd4 20. Rxd4 Bxh2+ 21. Kg2 Rxd4 22. Rh1 Qd5 23. Be3 Rg4+ 24. Kf1 Rh4 25. Qg6 b6 26. Kg2 Bg3 27. Qxg3 Rxh1 28. Kxh1 Qxa2 29. Qxg7 h5 30. f4 Qd5+ 31. Kh2 a5 32. Qg2 Qf5 33. Qh3 Qg4 34. Qxg4+ hxg4 35. Kg3 c5 36. Kxg4 Kd7 37. Kf5 a4 38.
Bc1 Kd6 39. Kg6 c4 40. f5 b5 41. f6 b4 42. f7 1-0

[Event "*** SCC Grand Prix: Titled Tuesday Blitz"]
[Site "Chess.com"]
[Date "2020.10.06"]
[Round "10"]
[White "AttackSparrow"]
[Black "FMKonstantin_Twitch"]
[Result "0-1"]
[WhiteElo "2399"]
[BlackElo "2548"]
[TimeControl "180+1"]
[EndTime "11:57:16 PDT"]
[Termination "FMKonstantin_Twitch won on time"]

1. e4 d5 2. exd5 Qxd5 3. Nc3 Qe6+ 4. Be2 Qg6 5. Nf3 c6 6. d4 Qxg2 7. Rg1 Qh3 8. Bf4 Nf6 9. Ne5 Be6 10. Qd2 Nbd7 11.
O-O-O Nxe5 12. dxe5 Nd5 13. Rg3 Qf5 14. Nxd5 Bxd5 15.
Bg4 Qe4 16. e6 fxe6 17. Re1 Qa4 18. a3 O-O-O 19. Rxe6 Rd7 20. Rd3 g5 21. Bg3 Qxg4 22. Re5 h6 23. Qa5 a6 24. Rexd5 cxd5 25. Rc3+ Qc4 26.
Rxc4+ dxc4 27. Qc5+ Kd8 28. Qb6+ Ke8 29. Qg6+ Kd8 30. Qb6+ Ke8 31. Qg6+ Kd8 32. Be5 Bg7 33. Qxg7 Re8 34. b3 cxb3 35. cxb3 e6 36. Qf6+ Kc8 37. Qxh6 Rd5 38. Qxg5 Kd7 39. Qg7+ Re7 40. Qf6 Re8 0-1

[Event "*** SCC Grand Prix: Titled Tuesday Blitz"]
[Site "Chess.com"]
[Date "2020.10.06"]
[Round "10"]
[White "akashcheck"]
[Black "Lupul_Cenusiu"]
[Result "0-1"]
[WhiteElo "2292"]
[BlackElo "2524"]
[TimeControl "180+1"]
[EndTime "11:57:16 PDT"]
[Termination "Lupul_Cenusiu won by resignation"]

1. e4 Nc6 2. Nf3 d6 3. d4 Nf6 4.
Nc3 g6 5. Bc4 Bg7 6. O-O O-O 7.
h3 Na5 8. Be2 a6 9. a4 Nc6 10.
Re1 e5 11. Be3 exd4 12. Nxd4 Re8 13. Nxc6 bxc6 14. Bf3 Nd7 15. Bd4 Rb8 16. Bxg7 Kxg7 17.
b3 Qf6 18. Qd2 Bb7 19. Rad1 Nc5 20. Qd4 Qxd4 21. Rxd4 a5 22. Rdd1 Re7 23. Re3 Rbe8 24. Rde1 Na6 25. Bd1 Nb4 26. Nb1 c5 27. Nd2 Ba6 28. c3 Nd3 29. Be2 Nxe1 30. Bxa6 Nc2 31. Re2 Rb8 32. Bc4 Na3 33. Bd3 c6 34. Re1 c4 35.
Nxc4 Nxc4 36. Bxc4 d5 37. Bd3 Rxb3 38. f3 Rxc3 39. Bf1 dxe4 40. fxe4 Re5 41. Rb1 Rxe4 42. Rb6 Rc1 43. Kf2 Rf4+ 0-1

[Event "*** SCC Grand Prix: Titled Tuesday Blitz"]
[Site "Chess.com"]
[Date "2020.10.06"]
[Round "10"]
[White "WiktoriaPOL"]
[Black "SergeyShtyka"]
[Result "0-1"]
[WhiteElo "2054"]
[BlackElo "2234"]
[TimeControl "180+1"]
[EndTime "11:57:17 PDT"]
[Termination "SergeyShtyka won by resignation"]

1. c4 c5 2. Nf3 Nf6 3. Nc3 g6 4.
g3 Bg7 5. Bg2 O-O 6. O-O d6 7.
e3 Nc6 8. d4 cxd4 9. exd4 Bg4 10. h3 Bxf3 11. Bxf3 Rc8 12. b3 e5 13. d5 Ne7 14.
Bg5 h6 15. Be3 Nf5 16. Bg2 Nxe3 17. fxe3 e4 18. Rc1 Qe7 19. Nb5 Qe5 20. g4 h5 21.
gxh5 Nxh5 22. Qd4 Ng3 23. Qxe5 Bxe5 24. Rf2 a6 25. Nd4 Bxd4 26. exd4 f5 27. c5 e3 28.
Rfc2 f4 29. Bf3 Nf5 30. Rc4 Kg7 31. c6 b5 32. Rb4 Rc7 33. a4 a5 34. Rxb5 Nxd4 35.
Rb7 Nxf3+ 36. Kg2 Nh4+ 37. Kh2 Rff7 38. Rb5 f3 39. Kg3 g5 40. Rxa5 f2 41. Rf1 e2 42.
Rxf2 e1=Q 0-1

[Event "*** SCC Grand Prix: Titled Tuesday Blitz"]
[Site "Chess.com"]
[Date "2020.10.06"]
[Round "10"]
[White "SophieNikoladze"]
[Black "ozates"]
[Result "1-0"]
[WhiteElo "2282"]
[BlackElo "2364"]
[TimeControl "180+1"]
[EndTime "11:57:18 PDT"]
[Termination "SophieNikoladze won by resignation"]

1. d4 d5 2. Nf3 Nf6 3. e3 c5 4. b3 Nc6 5. Bd3 cxd4 6. exd4 Bg4 7. Bb2 e6 8. O-O Bd6 9. a3 Qc7 10. h3 Bh5 11. Nbd2 g5 12. Re1 g4 13. hxg4 Nxg4 14.
c4 Bh2+ 15. Kf1 Bg3 16. cxd5 Bxf2 17. dxc6 Qg3 18. cxb7 Rb8 19. Ne4 Nh2+ 20. Nxh2 Qxh2 21.
Nxf2 Bxd1 22. Raxd1 Rg8 23. Be4 h5 24. Bf3 h4 25. d5 Rxb7 26. dxe6 Rxb3 27. exf7+ Kxf7 28. Bd5+ Kf8 29. Bxb3 Qxg2+ 30. Ke2 Rg3 31. Bd5 Qh2 32. Rh1 Re3+ 33. Kxe3 Qg3+ 34. Bf3 Qg5+ 35. Ke2 Qb5+ 36. Nd3 Qe8+ 37. Kf2 Qe7 38. Rde1 Qd6 39. Re3 Qg3+ 40. Ke2 Qg5 41. Be5 a5 42. Bd6+ Kf7 43. Re7+ Kf6 44. Re5 Qh6 45. Be7+ Kf7 46. Bd5+ Kg7 47. Rg1+ 1-0

[Event "*** SCC Grand Prix: Titled Tuesday Blitz"]
[Site "Chess.com"]
[Date "2020.10.06"]
[Round "10"]
[White "GregShahade"]
[Black "KarstenHansch"]
[Result "1/2-1/2"]
[WhiteElo "2655"]
[BlackElo "2513"]
[TimeControl "180+1"]
[EndTime "11:57:20 PDT"]
[Termination "Game drawn - insufficient material"]

1. e4 c6 2. Nc3 d5 3. Nf3 Bg4 4.
h3 Bxf3 5. Qxf3 e6 6. Be2 Bc5 7. Qg3 Bd4 8. d3 Ne7 9. Bd1 Ng6 10. O-O Nd7 11. Ne2 Bb6 12. c3 O-O 13. Bc2 e5 14. Be3 Bxe3 15. Qxe3 Qb6 16. exd5 cxd5 17. Qxb6 Nxb6 18.
f4 exf4 19. Nxf4 Nxf4 20. Rxf4 Rfe8 21. Kf1 Re7 22. Re1 Rae8 23. Rxe7 Rxe7 24. Bb3 g6 25.
Rb4 Re3 26. a4 Rxd3 27. a5 Nd7 28. Ke2 Rg3 29. Bxd5 b6 30. Rf4 Rg5 31. Bxf7+ Kg7 32. axb6 axb6 33. Ba2 Rxg2+ 34. Rf2 Rxf2+ 35. Kxf2 Kf6 36. Ke3 Ke5 37. h4 Nc5 38. Bg8 h6 39. Bh7 g5 40.
hxg5 hxg5 41. b4 Ne6 42. c4 Nd4 43. c5 bxc5 44. bxc5 Kd5 45. c6 Nxc6 46. Be4+ Kd6 47. Bxc6 Kxc6 48. Ke4 g4 49. Kf4 g3 50. Kxg3 1/2-1/2

[Event "*** SCC Grand Prix: Titled Tuesday Blitz"]
[Site "Chess.com"]
[Date "2020.10.06"]
[Round "10"]
[White "Shuvalov"]
[Black "MVM2008"]
[Result "1-0"]
[WhiteElo "2413"]
[BlackElo "2234"]
[TimeControl "180+1"]
[EndTime "11:57:21 PDT"]
[Termination "Shuvalov won by checkmate"]

1. Nf3 Nf6 2. c4 g6 3. Nc3 Bg7 4. d4 d6 5. e4 O-O 6. Be2 e5 7. O-O Nc6 8. d5 Ne7 9. Ne1 Nd7 10. f3 f5 11. g4 f4 12. h4 h5 13. g5 Re8 14. Kh2 Nf8 15. Rg1 Qd7 16. Bf1 a6 17. Nd3 b5 18. c5 Nh7 19. c6 Qd8 20. a4 Rb8 21. axb5 axb5 22. Nb4 Kh8 23. Ra7 Ng8 24. Bd2 Bf8 25. Nxb5 Rxb5 26. Bxb5 Be7 27. Ra8 Bxg5 28. hxg5 Nxg5 29. Rxc8 Qxc8 30. Rxg5 Qb8 31. Ba6 Qd8 32. Qg1 Nf6 33. Be1 Kh7 34. Bh4 Rg8 35. Kh3 Qb8 36.
Bb7 Kh6 37. Na6 Qd8 38. b4 Qf8 39. Nxc7 Nh7 40. Ne6 Qe8 41. c7 Nxg5+ 42. Qxg5+ Kh7 43. c8=Q Qb5 44. Qe7+ Kh6 45. Bg5# 1-0

[Event "*** SCC Grand Prix: Titled Tuesday Blitz"]
[Site "Chess.com"]
[Date "2020.10.06"]
[Round "10"]
[White "Alexandercs432"]
[Black "Chessbard1972"]
[Result "0-1"]
[WhiteElo "2132"]
[BlackElo "2251"]
[TimeControl "180+1"]
[EndTime "11:57:21 PDT"]
[Termination "Chessbard1972 won on time"]

1. e4 c5 2. Nf3 a6 3. c3 d5 4.
exd5 Qxd5 5. Na3 Nf6 6. Bc4 Qd8 7. O-O Nc6 8. Re1 Bg4 9. h3 Bh5 10. Nc2 e6 11. a3 Be7 12. d4 O-O 13. Be2 Rc8 14. Be3 cxd4 15. Ncxd4 Nxd4 16. Nxd4 Bxe2 17. Qxe2 Nd5 18. Rad1 Qc7 19. Qf3 Nxe3 20. Qxe3 Bc5 21. Qe4 Rfd8 22. Nf3 b5 23. Ng5 g6 24. Qe2 Qf4 25. Nf3 Kg7 26. Qe5+ Qxe5 27. Nxe5 f6 28. Nf3 e5 29. Kf1 Kf7 30. Ke2 Ke6 31. Rxd8 Rxd8 32. Rc1 e4 33. Ne1 f5 34. g3 g5 35.
Nc2 f4 36. gxf4 gxf4 37. Rg1 Bxf2 38. Kxf2 Rd2+ 39. Ke1 Rxc2 40. Rg7 e3 41. Rxh7 f3 42. Kd1 Rxb2 43. Rh6+ Kf5 44. Kc1 Ra2 45. Kb1 Rh2 46.
Rh8 e2 0-1

[Event "*** SCC Grand Prix: Titled Tuesday Blitz"]
[Site "Chess.com"]
[Date "2020.10.06"]
[Round "10"]
[White "chessmachine14"]
[Black "esskeettit"]
[Result "1-0"]
[WhiteElo "2290"]
[BlackElo "2399"]
[TimeControl "180+1"]
[EndTime "11:57:22 PDT"]
[Termination "chessmachine14 won by resignation"]

1. e4 c5 2. Nf3 Nc6 3. d4 cxd4 4. Nxd4 g6 5. c4 Nf6 6. Nc3 d6 7. Be2 Nxd4 8. Qxd4 Bg7 9. O-O O-O 10. h3 Be6 11. Qd3 Rc8 12. Nd5 Nd7 13. Bg5 Bxd5 14. exd5 Bxb2 15.
Rab1 Bg7 16. Qe3 Ne5 17. Rxb7 Re8 18. Qxa7 Ra8 19. Qe3 Rxa2 20. Rfb1 Nd7 21. Bg4 Ne5 22. Bxe7 Qa8 23. Bxd6 Qxb7 24. Rxb7 Ra1+ 25. Kh2 Nxg4+ 26. hxg4 Rxe3 27. fxe3 h5 28. g5 Re1 29. c5 Rxe3 30. c6 Rc3 31. c7 Kh7 32. Rb8 1-0

[Event "*** SCC Grand Prix: Titled Tuesday Blitz"]
[Site "Chess.com"]
[Date "2020.10.06"]
[Round "10"]
[White "GiantThresher"]
[Black "fireheart92"]
[Result "1-0"]
[WhiteElo "2830"]
[BlackElo "2880"]
[TimeControl "180+1"]
[EndTime "11:57:23 PDT"]
[Termination "GiantThresher won by resignation"]

1. e4 c5 2. Nf3 d6 3. Bb5+ Nd7 4. Ba4 Nf6 5. O-O e6 6. c4 Nxe4 7. Re1 Nf6 8. d4 Be7 9. dxc5 dxc5 10. Nc3 O-O 11. Qe2 Qc7 12. Bg5 a6 13. Rad1 b6 14.
Nd5 Nxd5 15. cxd5 Bxg5 16. dxe6 fxe6 17. Qxe6+ Kh8 18. Nxg5 Nf6 19. Qd6 Qxd6 20. Rxd6 b5 21. Bc2 Bg4 22. Re7 h6 23. Nf7+ Kg8 24. Rxf6 Rae8 25.
Nxh6+ Kh8 26. Rxf8+ Rxf8 27. Nxg4 1-0

[Event "*** SCC Grand Prix: Titled Tuesday Blitz"]
[Site "Chess.com"]
[Date "2020.10.06"]
[Round "10"]
[White "Caterpiller35"]
[Black "Alexander_Kachko"]
[Result "0-1"]
[WhiteElo "2496"]
[BlackElo "2730"]
[TimeControl "180+1"]
[EndTime "11:57:24 PDT"]
[Termination "Alexander_Kachko won by resignation"]

1. d4 Nc6 2. Nf3 d6 3. e4 g6 4. Be3 Bg7 5. Nc3 Bg4 6. d5 Ne5 7. Be2 Bxf3 8. gxf3 Nf6 9. f4 Ned7 10. Qd2 c6 11. dxc6 bxc6 12. Rd1 Qb8 13. b3 Qb4 14. Qd4 Qxd4 15. Bxd4 O-O 16. h4 Ne8 17. h5 Bxd4 18.
Rxd4 Nc7 19. hxg6 hxg6 20. f5 Kg7 21. f4 gxf5 22. e5 Rh8 23. Rg1+ Kf8 24. exd6 Ne6 25. Rc4 Rc8 26. Bf3 Nb6 27. Rxc6 Rxc6 28. Bxc6 exd6 29. a4 Nd4 30. Bf3 Nxf3+ 0-1

[Event "*** SCC Grand Prix: Titled Tuesday Blitz"]
[Site "Chess.com"]
[Date "2020.10.06"]
[Round "10"]
[White "keepitcoming"]
[Black "esapunov"]
[Result "1-0"]
[WhiteElo "2487"]
[BlackElo "2627"]
[TimeControl "180+1"]
[EndTime "11:57:28 PDT"]
[Termination "keepitcoming won on time"]

1. d4 Nf6 2. c4 g6 3. Nc3 Bg7 4. e4 O-O 5. f3 d6 6. Nge2 Nc6 7. Be3 a6 8. Qd2 Rb8 9. Rc1 Bd7 10. b3 e6 11. Ng3 e5 12. d5 Nd4 13. Nce2 Nxe2 14. Bxe2 h5 15. Bg5 Qe8 16. O-O Nh7 17. Bh6 h4 18.
Nh1 Qe7 19. b4 Bxh6 20. Qxh6 g5 21. Bd3 f5 22. exf5 Rf6 23. Qh5 Qf8 24. c5 Rh6 25. Qg4 Nf6 26. Qxg5+ Kh7 27. Nf2 Qf7 28. cxd6 Rg8 29. Qe3 cxd6 30. Rc7 Rh5 31. Ng4 Nxd5 32.
Bc4 Rg7 33. Bxd5 1-0

[Event "*** SCC Grand Prix: Titled Tuesday Blitz"]
[Site "Chess.com"]
[Date "2020.10.06"]
[Round "10"]
[White "AndreyNeves"]
[Black "Forantes"]
[Result "0-1"]
[WhiteElo "2241"]
[BlackElo "2421"]
[TimeControl "180+1"]
[EndTime "11:57:28 PDT"]
[Termination "Forantes won by resignation"]

1. d4 Nf6 2. c4 c5 3. d5 b5 4. cxb5 a6 5. b6 g6 6. Nc3 Qxb6 7. a4 a5 8. e4 Bg7 9. Be2 O-O 10. Nf3 Ba6 11. O-O d6 12. Nd2 Nfd7 13. Bxa6 Nxa6 14. Nc4 Qd8 15. Nb5 Nb4 16. Ra3 Nb6 17. b3 f5 18.
f3 fxe4 19. fxe4 Rxf1+ 20. Qxf1 Nc2 21. Ra2 Nd4 22. Nxd4 Bxd4+ 23. Be3 Bg7 24. Rf2 Rb8 25. Nxa5 Nxd5 26. Nc6 Nxe3 27. Qd3 Qe8 28. Nxb8 Bd4 29. Re2 Ng4+ 30. Kh1 Qxb8 31. Qc4+ Kg7 32. h3 Nf2+ 33.
Kh2 d5+ 34. g3 dxc4 0-1

[Event "*** SCC Grand Prix: Titled Tuesday Blitz"]
[Site "Chess.com"]
[Date "2020.10.06"]
[Round "10"]
[White "doons21"]
[Black "annazero"]
[Result "1-0"]
[WhiteElo "2575"]
[BlackElo "2397"]
[TimeControl "180+1"]
[EndTime "11:57:29 PDT"]
[Termination "doons21 won by resignation"]

1. d4 d5 2. c4 c6 3. Nc3 Nf6 4. cxd5 cxd5 5. Bf4 Nc6 6. e3 Bf5 7. Qb3 Na5 8. Qa4+ Bd7 9. Qc2 e6 10. Nf3 Rc8 11. Bd3 Nc6 12. a3 Be7 13. O-O O-O 14. h3 a6 15. Rac1 b5 16. Ne5 Na5 17. Bg5 h6 18. Bh4 Nc4 19. Qe2 Bc6 20. Bb1 Nxe5 21.
dxe5 Nd7 22. Bg3 Bb7 23. Qg4 Rc4 24. Qh5 Qc7 25. Bd3 Rc6 26. Bf4 Nc5 27. Bb1 Ne4 28. Bxh6 g6 29. Qg4 Rc8 30. Bxe4 dxe4 31. Bf4 Bf8 32. h4 Bg7 33. h5 gxh5 34. Qxh5 a5 35. Rcd1 b4 36. Nxe4 Qe7 37. Bg5 Qf8 38. Nf6+ Bxf6 39.
Bxf6 1-0

[Event "*** SCC Grand Prix: Titled Tuesday Blitz"]
[Site "Chess.com"]
[Date "2020.10.06"]
[Round "10"]
[White "vovachesss"]
[Black "barriochess"]
[Result "1-0"]
[WhiteElo "2687"]
[BlackElo "2351"]
[TimeControl "180+1"]
[EndTime "11:57:30 PDT"]
[Termination "vovachesss won by resignation"]

1. e4 d6 2. d4 Nf6 3. Nc3 g6 4. Nf3 Bg7 5. h3 O-O 6. Be3 d5 7. Bd3 dxe4 8. Nxe4 Nbd7 9. c3 Nxe4 10. Bxe4 c5 11. dxc5 Qc7 12. c6 bxc6 13. O-O Nf6 14.
Bc2 Ba6 15. Re1 Rad8 16. Qc1 Nd5 17. Bh6 c5 18. Bxg7 Kxg7 19. Re5 Nf6 20. Qg5 Rc8 21. Rae1 Rfe8 22. Nh4 Kh8 23. Rxe7 Qd6 24. R7e5 Rxe5 25.
Rxe5 Ng8 26. Qe3 Bc4 27. Nf3 Bxa2 28. b3 c4 29. b4 Bb3 30. Be4 Rc7 31. b5 Kg7 32.
Bc6 Nf6 33. Nd4 h6 34. Qg3 Kh7 35. Qf4 Ng8 36. Qe3 Qf6 37. Re4 Re7 38. g3 Rxe4 39.
Qxe4 Ne7 40. Nf3 Ba4 41. Ne5 Nxc6 42. bxc6 Qe7 43. Qd5 f6 44. Qd7 Qg7 45. Qxg7+ Kxg7 46. c7 1-0

[Event "*** SCC Grand Prix: Titled Tuesday Blitz"]
[Site "Chess.com"]
[Date "2020.10.06"]
[Round "10"]
[White "Mbneu"]
[Black "GameOverBro"]
[Result "0-1"]
[WhiteElo "2349"]
[BlackElo "2524"]
[TimeControl "180+1"]
[EndTime "11:57:31 PDT"]
[Termination "GameOverBro won on time"]

1. d4 d6 2. f4 f5 3. Nf3 Nf6 4. g3 g6 5. Bg2 Bg7 6. O-O Nbd7 7. c4 Ne4 8. Nc3 Ndf6 9. d5 Nxc3 10. bxc3 e6 11. Ng5 exd5 12. cxd5 O-O 13. Rb1 Re8 14. c4 Ne4 15. Bxe4 fxe4 16. Be3 c5 17. Ne6 Qe7 18. f5 gxf5 19. Bg5 Qf7 20. e3 b6 21. g4 Bxe6 22. dxe6 Qg6 23. Rxf5 Rxe6 24.
Qd5 Re8 25. Rbf1 h6 26. Bf6 Qxg4+ 27. Kh1 Kh8 28. Rg1 Qxg1+ 29. Kxg1 Bxf6 30. Qb7 R8e7 31. Qc8+ Kh7 0-1

[Event "*** SCC Grand Prix: Titled Tuesday Blitz"]
[Site "Chess.com"]
[Date "2020.10.06"]
[Round "10"]
[White "Durarbayli"]
[Black "VitaliyBernadskiy"]
[Result "0-1"]
[WhiteElo "2809"]
[BlackElo "2774"]
[TimeControl "180+1"]
[EndTime "11:57:33 PDT"]
[Termination "VitaliyBernadskiy won by resignation"]

1. e4 e5 2. Nf3 Nc6 3. Bb5 a6 4. Ba4 Nf6 5. d3 d6 6. c3 g6 7. Nbd2 Bg7 8. Nf1 O-O 9. Ne3 d5 10.
Bc2 d4 11. Nc4 b5 12. Ncd2 Be6 13. O-O Nd7 14. Bb3 Nc5 15. Bxe6 fxe6 16. Nb3 Na4 17. cxd4 Nxd4 18. Nbxd4 exd4 19. Ng5 Qe7 20. f4 c5 21. Qg4 Rae8 22. e5 c4 23. b3 Nc3 24. bxc4 bxc4 25.
a4 Rf5 26. Ba3 Qc7 27. dxc4 Qxc4 28. Kh1 d3 29. Qg3 Ne2 30. Qe3 Nxf4 31. Ne4 Bxe5 32.
Nd6 Bxd6 33. Bxd6 Nxg2 34. Qg3 Nh4 0-1

[Event "*** SCC Grand Prix: Titled Tuesday Blitz"]
[Site "Chess.com"]
[Date "2020.10.06"]
[Round "10"]
[White "Mr_Sinigami"]
[Black "K_A_S_T_O_R"]
[Result "0-1"]
[WhiteElo "2495"]
[BlackElo "2721"]
[TimeControl "180+1"]
[EndTime "11:57:34 PDT"]
[Termination "K_A_S_T_O_R won on time"]

1. e4 c5 2. Nf3 d6 3. d4 cxd4 4. Nxd4 Nf6 5. Nc3 a6 6. Be2 e6 7. O-O Be7 8. Be3 O-O 9. f4 Qc7 10. Qe1 b5 11. a3 Bb7 12. Bf3 Nbd7 13. Kh1 Nc5 14. Bg1 g6 15. Rd1 e5 16. fxe5 dxe5 17. Nb3 Rad8 18. Nxc5 Bxc5 19. Qh4 Kg7 20. Be2 Nd7 21. Bg4 Bxg1 22. Bxd7 Bd4 23. Bh3 f6 24.
Nd5 Bxd5 25. exd5 Bxb2 26. Qb4 Bd4 27. Be6 Bc5 28. Qb3 Bd6 29. a4 b4 30. Rd3 e4 31.
Rh3 f5 32. Qe3 Kh8 33. Qg5 Qg7 34. Re1 Rde8 35. Ree3 Qa1+ 0-1